Cogmind - Beta 17.1 @@@ ROGUE MODE // 2026.08.26 @ 07:40:51 // AFD2020/Player2 Player: firepult Sucks Result: Core destroyed Performance ------------- Evolutions (0) 0 Regions Visited (2) 400 Robots Destroyed (16) 80 Value Destroyed (391) 391 Prototype IDs (1) 20 Alien Tech Used (0) 0 Bonus (24) 24 TOTAL SCORE: 915 Bonus ------- High Alert Combat Kills 16 Follower Combat Kills 107 Friendly Fire -99 Cogmind --------- Core Integrity 0/250 Matter 181/300 Energy 250/250 System Corruption 1% Temperature Cool (12) Movement Rolling (100) Location -10/Mines Parts ------- > --- POWER (1) -------- Ion Engine > --- PROPULSION (2) --- Compact Wheel > --- UTILITY (2) ------ Targeting Computer Targeting Computer > --- WEAPON (2) ------- Improved Light Cannon Rocket Launcher > --- INVENTORY (5) ---- Large Storage Unit Hacking Suite EM Pulse Gun Rocket Launcher Peak State ------------ > --- POWER ------------ Ion Engine > --- PROPULSION ------- Wheel Compact Wheel > --- UTILITY ---------- Targeting Computer Targeting Computer > --- WEAPON ----------- Improved Light Cannon Rocket Launcher > --- INVENTORY -------- Light Ion Engine EM Pulse Gun Rocket Launcher [Rating: 9] Favorites ----------- Power Ion Engine Engine Ion Engine Propulsion Compact Wheel Leg Aluminum Leg Wheel Compact Wheel Flight Unit Improved Flight Unit Utility Targeting Computer Storage Small Storage Unit Processor Targeting Computer Weapon Improved Light Cannon Energy Gun EM Pulse Gun Ballistic Gun Assault Rifle Ballistic Cannon Improved Light Cannon Launcher Rocket Launcher Build | -11 -10 -10 ------- Run | Yrd Mat Min Slots Evolved . | . . . Power . | . . . Propulsion . | . . . Utility . | . . . Weapon . | . . . Parts Attached 9 | . 7 2 Power . | . . . Engine . | . . . Core . | . . . Reactor . | . . . Propulsion 3 | . 3 . Treads . | . . . Leg . | . . . Wheel 2 | . 2 . Hover . | . . . Flight 1 | . 1 . Utility 2 | . 2 . Device . | . . . Storage . | . . . Processor 2 | . 2 . Hackware . | . . . Protection . | . . . Artifact . | . . . Weapon 4 | . 2 2 Energy Gun 1 | . . 1 Energy Cannon . | . . . Ballistic Gun . | . . . Ballistic Cannon 1 | . 1 . Launcher 2 | . 1 1 Special Weapon . | . . . Impact Weapon . | . . . Slashing Weapon . | . . . Piercing Weapon . | . . . Special Melee Weapon . | . . . Unidentified Prototypes 1 | . 1 . Parts Lost 1 | . . 1 Power . | . . . Propulsion 1 | . . 1 Utility . | . . . Weapon . | . . . Highest Loss Streak 1 | . . 1 To Critical Strikes . | . . . Average Backups 3 | . 3 4 Power . | . . . Propulsion . | . . . Utility 1 | . . 2 Weapon 2 | . 2 2 Tool/Special . | . . . Unused Backups 11 | . 9 2 Power 2 | . 2 . Propulsion 4 | . 4 . Utility 3 | . 1 2 Weapon 2 | . 2 . Tool/Special . | . . . Average Slot Usage (%) 93 | . 91 96 Engine 14 | . 14 14 Wheel 26 | . 26 27 Processor 22 | . 19 28 Energy Gun 2 | . 1 6 Ballistic Cannon 13 | . 13 13 Launcher 10 | . 13 5 Peak Build Rating 9 | . 9 9 Average Rating 8 | . 8 8 On Entrance 7 | 6 6 9 Avg Prop Armor Cover (%) . | . . . Naked Turns . | . . . Heaviest Build 18 | 14 18 13 Greatest Support 26 | 20 26 26 Greatest Overweight (x) . | . . . Average Overweight (x) . | . . . Largest Inventory Capacity 8 | . 8 5 Average Capacity 5 | . 5 5 Most Carried 7 | . 7 5 Average Carried 3 | . 3 4 Final Capacity 8 | 8 5 5 Final Carried 6 | 6 4 4 Class Distribution -------------------- 100% | Mutant Dominant Class ---------------- Mutant | -10/Materials Mutant | -10/Mines Resources | -11 -10 -10 ----------- Run | Yrd Mat Min Matter Collected 422 | 197 118 107 Remotely . | . . . Salvage Created 247 | . 138 109 Parts 20 | . 15 5 Haulers Intercepted . | . . . Recyclers Shooed . | . . . Parts Field Recycled . | . . . Retrieved Matter . | . . . Parts Self-Destructed . | . . . Prevented . | . . . Parts Restored . | . . . Kills | -11 -10 -10 ------- Run | Yrd Mat Min Combat Hostiles Destroyed 19 | . 10 9 Cannons 5 | . 3 2 AOE 14 | . 7 7 Classes Destroyed 6 | . 4 2 Worker 2 | . 2 . Recycler 1 | . . 1 Watcher 1 | . 1 . Swarmer 5 | . 5 . Grunt 7 | . 5 2 Assembled 7 | . . 7 Best Kill Streak 7 | . 5 7 Combat Bots Only 7 | . 4 7 Max Kills in Single Turn 4 | . 3 4 Gunslinging . | . . . Exploded 4 | . 2 4 Melee . | . . . Uniques/NPCs Destroyed . | . . . Combat | -11 -10 -10 -------- Run | Yrd Mat Min Hostile Shots Fired 19 | . 16 3 Missed 6 | . 6 . Hits 13 | . 10 3 Projectile 13 | . 10 3 AOE 3 | . . 3 Damage Taken 330 | . 150 180 Core 121 | . 48 73 Absorbed by Shields . | . . . Core Remaining (%) 100 | 100 . . Volleys Fired 29 | . 19 10 Largest 2 | . 2 2 Hottest 73 | . 66 73 Shots Fired 36 | . 20 16 Gun 4 | . . 4 Cannon 18 | . 11 7 Launcher 14 | . 9 5 Special . | . . . Kinetic 18 | . 11 7 Thermal . | . . . Explosive 14 | . 9 5 Electromagnetic 4 | . . 4 Robot Hit Streak 14 | . 5 14 Robot Miss Streak 3 | . 3 . Penetration Max . | . . . Secondary Targets . | . . . Shots Hit Robots 19 | . 10 9 Core Hits 32 | . 15 17 Critical Kills . | . . . Critical Parts Destroyed . | . . . Critical Strikes . | . . . Melee Attacks . | . . . Impact . | . . . Slashing . | . . . Piercing . | . . . Sneak Attacks . | . . . Combat Hostiles . | . . . Follow-up Attacks . | . . . Damage Inflicted 1392 | . 820 572 Guns 26 | . . 26 Cannons 334 | . 189 145 Explosions 1032 | . 631 401 Melee . | . . . Ramming . | . . . Kinetic 334 | . 189 145 Thermal . | . . . Explosive 1032 | . 631 401 Electromagnetic 26 | . . 26 Impact . | . . . Slashing . | . . . Piercing . | . . . Highest Corruption 1 | . 1 1 Average Corruption 1 | . 1 1 Corruption Purged . | . . . Corruption Blocked . | . . . Effects 4 | . 2 2 Message Errors 3 | . 1 2 Data Loss (minor) 1 | . 1 . Overload Shots . | . . . Overflow Damage 8 | . 1 7 Projectiles . | . . . Explosions 8 | . 1 7 Melee . | . . . Knockbacks 4 | . 2 2 Impact . | . . . Kinetic 4 | . 2 2 Secondary . | . . . Self-Inflicted Damage 40 | . . 40 Shots 1 | . . 1 Rammed . | . . . Targets Rammed . | . . . Kicked . | . . . Crushed . | . . . Highest Temperature 48 | . 18 48 Average Temperature 13 | . 5 18 Received Heat Transfer 48 | . 48 . Siege Activations . | . . . Martial Activations . | . . . Shielding Activations . | . . . Robots Disrupted . | . . . Combat Hostiles . | . . . Robots Corrupted . | . . . Combat Hostiles . | . . . Parts Fried . | . . . Impact Corruptions . | . . . Robots Melted . | . . . Combat Hostiles . | . . . Parts Melted . | . . . Heat Transferred . | . . . Parts Sabotaged . | . . . Parts Stolen . | . . . Parts Stripped . | . . . Power Chain Reactions . | . . . Alert | -11 -10 -10 ------- Run | Yrd Mat Min Maximum Alert Level 2 | . 2 . Low Security (%) 73 | . 60 100 Level 1 16 | . 25 . Level 2 9 | . 14 . Level 3 . | . . . Level 4 . | . . . Level 5 . | . . . High Security . | . . . Max Security . | . . . Peak Influence 469 | . 469 198 Initial 179 | . . 179 Average 180 | . 190 161 Influence Increases 791 | . 681 110 Destroy 0b10 Robot/C 340 | . 300 40 Destroy 0b10 Robot/NC 35 | . 30 5 Destroy Leader 86 | . 76 10 Allied During Kill 108 | . 95 13 Select Force Hacks 60 | . 60 . Disable Machine 60 | . 60 . Destroy Structure 102 | . 60 42 Influence Decreases 672 | . 220 452 Entered New Map 282 | . . 282 Time Decay 360 | . 220 140 Lost Part 30 | . . 30 Squads Dispatched 4 | . 4 . Investigation 4 | . 4 . Extermination . | . . . Reinforcement . | . . . Assault . | . . . Garrison . | . . . Intercept . | . . . Searches Triggered . | . . . Construction Impeded . | . . . Haulers Reinforced . | . . . Active Scanning Responses . | . . . Cargo Convoy Interrupts . | . . . Stealth | -11 -10 -10 --------- Run | Yrd Mat Min Distress Signals 2 | . 2 . Communications Jammed . | . . . Distress Signals . | . . . Times Spotted 32 | . 18 14 Peak Tracking Total 18 | . 5 18 Tactical Retreats . | . . . Traps | -11 -10 -10 ------- Run | Yrd Mat Min Traps Triggered 1 | . 1 . Indirectly . | . . . Trap Hack Attempts . | . . . Triggered . | . . . Disarmed . | . . . Reprogrammed . | . . . Reused . | . . . Traps Extracted . | . . . Installed . | . . . Triggered . | . . . Machines | -11 -10 -10 ---------- Run | Yrd Mat Min Machines Disabled 4 | . 4 . Max in Single Turn 1 | . 1 . Machines Repaired . | . . . Machines Dismantled . | . . . Machines Sabotaged . | . . . Overloaded Fab Kills . | . . . Hacking | -11 -10 -10 --------- Run | Yrd Mat Min Machines Accessed 5 | . 5 . Terminals 3 | . 3 . Fabricators . | . . . Repair Stations . | . . . Recycling Units 2 | . 2 . Scanalyzers . | . . . Garrison Access . | . . . Total Hacks 12 | . 12 . Successful 2 | . 2 . Failed 10 | . 10 . Catastrophic 5 | . 5 . Database Lockouts . | . . . Manual 12 | . 12 . Terminals 10 | . 10 . Fabricators . | . . . Repair Stations . | . . . Recycling Units 2 | . 2 . Scanalyzers . | . . . Garrison Access . | . . . Terminal Hacks . | . . . Fabricator Hacks . | . . . Repair Station Hacks . | . . . Recycling Unit Hacks . | . . . Scanalyzer . | . . . Garrison Access Hacks . | . . . Unauthorized Hacks 2 | . 2 . Terminals . | . . . Fabricators . | . . . Repair Stations . | . . . Recycling Units 2 | . 2 . Tunnel 2 | . 2 . Scanalyzers . | . . . Garrison Access . | . . . Data Cores Recovered . | . . . Used . | . . . Hacking Detections 3 | . 3 . Full Trace Events 3 | . 3 . Feedback Events 1 | . 1 . Corruption 1 | . 1 . Feedback Blocked . | . . . Robot Schematics Acquired . | . . . Robots Built . | . . . Authchips . | . . . Time . | . . . Total Robot Build Rating . | . . . Part Schematics Acquired . | . . . Parts Built . | . . . Authchips . | . . . Time . | . . . Total Part Build Rating . | . . . Part Studies Acquired . | . . . Parts Repaired . | . . . Time . | . . . Parts Recycled . | . . . Recycled Matter . | . . . Retrieved Matter . | . . . Retrieved Components . | . . . Parts Scanalyzed . | . . . Part Schematics Acquired . | . . . Parts Damaged . | . . . Bothacking | -11 -10 -10 ------------ Run | Yrd Mat Min Used RIF Installer . | . . . Robots Hacked . | . . . Non-combat . | . . . Combat . | . . . Robot Hacks Applied . | . . . Relay Couplers Released . | . . . Fabnet Peak Effective % . | . . . Robots Rewired . | . . . Allies Hacked . | . . . Hacks Repelled . | . . . Allies | -11 -10 -10 -------- Run | Yrd Mat Min Total Allies 1 | . 1 . Largest Group 1 | . 1 1 Highest-Rated Group 62 | . 62 62 Highest-Rated Ally 62 | . 62 62 Total Orders . | . . . Ally Attacks 38 | . 27 11 Total Damage 812 | . 578 234 Kills 10 | . 8 2 Allies Corrupted . | . . . Allies Melted . | . . . Intel | -11 -10 -10 ------- Run | Yrd Mat Min Active Infowar (turns) . | . . . Robot Analysis Total . | . . . Derelict Logs Recovered . | . . . Drone Launches . | . . . Drone Recoveries . | . . . Exploration | -11 -10 -10 ------------- Run | Yrd Mat Min Turns Passed 834 | . 550 284 Spaces Moved 742 | 1 464 277 Core . | . . . Treads . | . . . Legs 19 | 1 18 . Wheels 723 | . 446 277 Hover . | . . . Flight . | . . . Fastest Speed 90 | 120 90 90 Average Speed 90 | 120 91 90 Slowest Speed 120 | 120 120 100 Overloaded Moves . | . . . Propulsion Burnouts . | . . . Robots Hopped . | . . . Potential Cave-ins . | . . . Cave-ins Triggered . | . . . Exploration Rate (%) 55 | 2 93 70 Regions Visited 2 Branch Regions 1 Pre-discovered Areas 2 | . 2 . Known Exits Taken . | . . . Unknown Exits Taken 2 | 1 1 . Scrap Searched . | . . . Spaces Dug . | . . . Terrain Destroyed 115 | . 56 59 Melee . | . . . Projectile . | . . . AOE 115 | . 56 59 Terrain Rammed . | . . . Walls Destroyed . | . . . Machines Disabled . | . . . Actions | -11 -10 -10 --------- Run | Yrd Mat Min Total 871 | . 573 298 Wait 70 | . 70 . Move 740 | . 463 277 Hop . | . . . Pick Up 6 | . 5 1 Fast Attach 3 | . 3 . Attach 9 | . 4 5 Detach 4 | . . 4 Swap . | . . . Drop 10 | . 9 1 Fire 29 | . 19 10 Melee . | . . . Ram . | . . . Kick . | . . . Crush . | . . . Escape Stasis . | . . . Rewire . | . . . Trap . | . . . Miscellaneous . | . . . Route ------- -11/Scrapyard -10/Materials (discovered 5 exits: [*Mat x3] / [*Min x2]) -10/Mines (discovered 2 exits: [*Mat] / [*Sub]) History --------- Turn | Location | Event 1 | -11/Scrapyard | Discovered new exit (range 0) 1 | -11/Scrapyard | Entered Materials 187 | -10/Materials | Discovered new exit (range 16) 311 | -10/Materials | Build established: Mutant 372 | -10/Materials | Discovered new exit (range 16) 417 | -10/Materials | Discovered new exit (range 16) 464 | -10/Materials | Discovered new exit (range 4) 529 | -10/Materials | Discovered new exit (range 12) 551 | -10/Materials | Entered Mines 563 | -10/Mines | Discovered new exit (range 6) 620 | -10/Mines | Discovered new exit (range 10) 654 | -10/Mines | Core integrity fell below 50% 806 | -10/Mines | Assembled infested the area 831 | -10/Mines | Met 8R-AWN 834 | -10/Mines | Core integrity fell below 20% 835 | -10/Mines | Core destroyed Last Messages --------------- 00831_ as-00758 destroyed. 00831_ as-74077 destroyed. 00831_ HV Slug penetrates D-53 Grenadier. 00831_ HV Slug penetrates Wall. 00831_ HV Slug penetrates D-53 Grenadier. 00831_ D-53 Grenadier suffers critical hit (Destroy). 00831_ D-53 Grenadier destroyed. 00831_ HV Slug penetrates Wall. 00832_ The unstable cave ceiling collapses. 00833_ HV Slug penetrates as-23955. 00833_ as-23955 destroyed. 00833_ HV Slug penetrates D-53 Grenadier. 00833_ D-53 Grenadier suffers critical hit (Destroy). 00833_ HV Slug penetrates Wall. 00833_ Player 2 attaches Hvy. Assault Rifle. 00834_ Player 2 attaches Imp. Light Cannon. 00834_ D-53 Grenadier knocked back. 00835_ The unstable cave ceiling collapses. Map ----- +----------------------------------------------------+ | | | ???????????????????????????????????????????????? | | ???????????????????????????????????????????????? | | ???????????????????????????????????????????????? | | ???????????????????????????????????????????????? | | ???????????????????????????????????????????????? | | ???????????????????????????????????????????????? | | ???????????????????????????????????????????????? | | ???????????????????????????????????????????????? | | ???????????????????????????????????????????????? | | ???????????????????????????????????????????????? | | ???????????????????????????????????????????????? | | ???????????????????????????????????????????????? | | ??????????????????????????????? ???????????????? | | ??????????????????????????????? ???????????????? | | ??????????????????????????????? ??? "??????????? | | ??????????????????????????????# ??? ""?????????? | | ??????????????????????????????# ? ?????????? | | ??????????????????????###?????# """ """????????? | | ?????????????????????? #?????# """ """????????? | | ?????????????????????? ?????# """ """ ???????? | | ?????????????????????? #?????# #####??? | | ?????????????????????## ###???# """ """ #??? | | ???????????????????### d %#???# """ """ #??? | | ?????????????????#;# % ##??# """ """ ## #??? | | ???????????????### @@ #??# ?# #??? | | ???????????????# != ##### ######?# #??? | | ???????????????# # # ##????## #### | | ??????????????#% #???## | | ?????????????# ##### | | ?????????????# %% #### | | ????????????; % # #??# ## | | ???????????# %a ##??##### ###### | | ?????????? aag ###????????# #????## ! | | ?????????? % % ???????????# ##??# # | | ?????????? ????????????# #???# ## | | ??????????? ## ##???????????? #???# ## #? | | ??????????? ??##????????????? ##???# ?## ##? | | ????????????????????????????? #????# ??###?? | | ???????????????????????????? #????# ???????? | | ??????????????????????????? #????# ???????? | | ?????????????????????????? ?????# ???????? | | ???????????????????????????## ?????#????????? | | ????????????????????????????## ??????????????? | | ???????????????????????????????# ?????????? ???? | | ?????????????????????????????????????????? ???? | | ????????????????????????????????????????? ???? | | ????????????????????????????????????????? ???? | | ???????????????????????????????#?????????? ???? | | ??????????????????????????????? ?????????? ##?? | +----------------------------------------------------+ Best States ------------- Heat Dissipation 25 Energy Generation 10 Energy Capacity 250 Matter Stores 297 Matter Capacity 300 Sight Range 16 Terrain Scan Density 10 Evasion (%) 55 Targeting Accuracy 10 Item Schematics ----------------- None Robot Schematics ------------------ None Fabricated ------------ Nothing Repaired ---------- Nothing Studied --------- None Alien Tech Used ----------------- None Achievements -------------- None Challenges ------------ None Player 2 | -11 -10 -10 ---------- Run | Yrd Mat Min Slots Evolved . | . . . Power . | . . . Propulsion . | . . . Utility . | . . . Weapon . | . . . Parts Attached 10 | . 8 2 Parts Lost 2 | . . 2 Damage Taken 451 | . 182 269 Core 148 | . 69 79 Player 2/Cogmind (%) 55 | . 58 51 Absorbed by Shields . | . . . Damage Inflicted 812 | . 578 234 Player 2/Cogmind (%) 36 | . 41 29 Combat Hostiles Destroyed 7 | . 5 2 Player 2/Cogmind (%) 26 | . 33 18 Game ------ Seed CorruptionTrackerDynamite Manual? 0 Play Time 00:06:50 Cumulative 1706.9 hours Start 2026.08.26 @ 07:35:44 End 2026.08.26 @ 07:40:51 Sessions 1 Manual Loads 0 Difficulty Rogue Special Mode AFD2020/Player2 Game No. 2833 Rogue 2826 Adventurer 0 Explorer 7 Win Type - Total 149 Types 40/17/58/3/3/5/21/1/1/0 Lore% 92 Gallery% 87 Achievement% 59 Wizard Run 0 Options --------- Layout 1 ASCII 0 Keyboard 1 Movement Numpad Keybinds 1 Fullscreen 2 Font 24/Smallcaps Map View 50x35 Zoom Use 0% Tactical HUD 1 Map Filters NONE Filters NONE Steam 1 RUN: 1e48fb3b-ad2e-418f-abd3-2a09c0784e0c